Checkers vs Heat (R2)

Created - May 28, 2021 at 19:51

Goals
1 2 3 T
Checkers 0 1 2 3
Heat 1 3 0 4
Shots
1 2 3 T
Checkers 5 10 21 36
Heat 7 12 12 31

1st period

1. Heat , Ryan Spooner 2 (Tanner Pearson 8, Bryan Rust 8) at 15:20

Penalties :
Tobias Rieder (Cha) for Elbowing (Minor) at 8:41, Jake DeBrusk (Sto) for Goalie Interference (Minor) at 13:16, Greg Pateryn (Sto) for High sticking (Minor) at 15:48

2nd period

2. Heat , Esa Lindell 4 (Bryan Rust 9) at 2:11 (PP)
3. Heat , Mathieu Brodeur 1 (Greg Pateryn 4) at 2:23
4. Checkers , Tobias Rieder 10 (Jonathan Huberdeau 14) at 13:58
5. Heat , David Savard 1 (Tanner Pearson 9, Philip Varone 12) at 14:36 (PP)

Penalties :
Niklas Hansson (Cha) for Tripping (Minor) at 1:42, Philip Varone (Sto) for High sticking (Double Minor) at 2:26, Niklas Hansson (Cha) for Hooking (Minor) at 7:31, Colby Cohen (Sto) for Interference (Minor) at 11:23, Kerby Rychel (Cha) for Roughing (Minor) at 14:22, Matthew Nieto (Sto) for Hooking (Minor) at 15:38

3rd period

6. Checkers , Jake Virtanen 5 (Quinton Howden 5) at 0:32
7. Checkers , Jerry D'Amigo 5 (Kerby Rychel 5, Michael Latta 10) at 2:24

Penalties :
Mathieu Brodeur (Sto) for Holding (Minor) at 6:24, Colby Cohen (Sto) for Hooking (Minor) at 8:03

Goalie Stats

Garret Sparks (Cha), 13 saves from 13 shots - (1.000), 24:36 minutes
Igor Bobkov (Cha), 14 saves from 18 shots - (0.778), L, 6-2-0, 34:36 minutes
Michael Hutchinson (Sto), 33 saves from 36 shots - (0.917), W, 5-1-0, 60:00 minutes

Players Stats for Checkers

Player Name              G  A  P  +/- PIM S  H  SB GA TA FO     MP     PP MP  PK MP  
------------------------------------------------------------------------------------
Aaron Ekblad             0  0  0  -1  0   5  0  1  0  0  0/0    27:46   8:27   2:24 
Aleksander Barkov        0  0  0   0  0   0  2  0  0  0  11/27  20:29   8:28   0:00 
Jake Virtanen            1  0  1   1  0   1  1  0  0  0  1/1     9:16   1:01   0:00 
Jerry D'Amigo            1  0  1   0  0   3  2  0  0  0  1/2    17:47   6:14   2:47 
John Draeger             0  0  0   1  0   1  1  1  2  0  0/0    13:27   0:45   2:51 
Jonathan Huberdeau       0  1  1   0  0   8  1  1  0  1  0/1    21:51   8:24   1:25 
Kerby Rychel             0  1  1   0  2   2  1  0  0  0  0/1    14:49   6:04   0:00 
Markus Nutivaara         0  0  0  -1  0   4  1  0  0  3  0/0    26:09   8:26   0:46 
Matt Puempel             0  0  0   1  0   1  0  0  0  0  0/0     8:13   0:00   0:00 
Michael Latta            0  1  1   0  0   4  0  1  0  0  7/17   17:46   6:04   2:56 
Michael McCarron         0  0  0   0  0   0  1  0  0  1  0/0    11:15   0:51   0:00 
Michal Jordan            0  0  0   1  0   1  0  0  1  0  0/0    19:26   6:21   0:19 
Mitchell Heard           0  0  0   0  0   0  1  0  2  0  1/3    10:46   0:00   0:07 
Niklas Hansson           0  0  0   1  4   0  1  1  0  0  0/0    12:41   0:46   1:17 
Quinton Howden           0  1  1   1  0   0  0  0  0  0  4/6    10:25   0:27   1:38 
Roberts Lipsbergs        0  0  0   0  0   0  1  0  0  0  0/0    11:19   0:39   0:01 
Tobias Rieder            1  0  1   0  2   5  2  1  0  0  2/3    21:15   8:27   0:28 
William Colbert          0  0  0   1  0   1  4  2  0  1  0/0    20:35   6:21   1:45 

Players Stats for Heat

Player Name              G  A  P  +/- PIM S  H  SB GA TA FO     MP     PP MP  PK MP  
------------------------------------------------------------------------------------
Barclay Goodrow          0  0  0   0  0   0  0  1  0  0  0/0     6:59   0:00   0:00 
Bryan Rust               0  2  2   1  0   2  3  0  0  0  2/5    24:02   2:45   7:54 
Chris Brown              0  0  0   0  0   1  1  0  0  0  3/5     9:00   0:00   2:00 
Colby Cohen              0  0  0  -1  4   0  2  2  0  0  0/0    12:44   0:00   2:22 
David Savard             1  0  1  -2  0   2  0  3  0  0  0/0    28:32   2:45   8:11 
Esa Lindell              1  0  1  -2  0   3  1  1  1  0  0/0    28:34   2:45   8:13 
Evgeny Svechnikov        0  0  0   0  0   0  0  0  0  1  0/0     8:50   0:00   0:00 
Greg Pateryn             0  1  1   1  2   4  0  1  1  0  0/0    20:20   1:56   5:39 
Jake DeBrusk             0  0  0   1  2   0  1  1  1  0  1/1    11:21   0:00   2:24 
Kevin Labanc             0  0  0  -2  0   2  3  0  0  0  0/0    11:31   1:48   0:00 
Mathieu Brodeur          1  0  1   1  2   1  2  0  0  0  0/0    20:29   1:56   6:02 
Matthew Nieto            0  0  0  -2  2   1  2  0  0  0  0/1    12:44   1:48   1:13 
Peter Cehlarik           0  0  0   0  0   3  0  0  0  2  0/0     6:59   0:00   0:00 
Philip Varone            0  1  1   1  4   6  1  2  1  0  19/31  22:19   2:53   5:55 
Rasmus Andersson         0  0  0   0  0   0  1  0  0  0  0/0    10:12   0:00   0:45 
Ryan Spooner             1  0  1   0  0   2  3  2  1  2  4/8    14:46   0:00   5:14 
Tanner Pearson           0  2  2   1  0   3  0  0  1  0  2/3    21:49   2:53   5:11 
Tyler Shattock           0  0  0   0  0   0  0  0  0  0  0/0     0:45   0:23   0:00 
Victor Rask              0  0  0  -2  0   1  2  0  0  0  3/7    12:04   1:33   0:48 

3 Stars

1 - Bryan Rust (Sto)
2 - Ryan Spooner (Sto)
3 - Tanner Pearson (Sto)

Power Play

Checkers - 0 on 8 Attempt(s) - 0.00%
Heat - 2 on 4 Attempt(s) - 50.00%

Penalty Kill

Checkers - 2 on 4 Attempt(s) - 50.00% - Score 0 goal in Penalty Kill
Heat - 8 on 8 Attempt(s) - 100.00% - Score 0 goal in Penalty Kill

Team Stat

Checkers - Hits : 19 - Faceoff Wins : 27 - Blocked Shots : 8 - Penalty Minutes : 8
Heat - Hits : 22 - Faceoff Wins : 34 - Blocked Shots : 13 - Penalty Minutes : 16

Official

Referees : Unknown
Linesman : Unknown

Game Notes

Garret Sparks enters game at 14:36 of 2nd period

Finance

Level 1 -- Attendance: 1763 (88.15%) -- Ticket Income $70,520
Level 2 -- Attendance: 931 (93.10%) -- Ticket Income $18,620
Total Attendance: 2694 (89.80%)
Total Ticket Income: $89,140
Other Income: $4,457
Total Income: $93,597

Checkers

5 vs 5 Forward 
   Center                   Left Wing                Right Wing               Time % Phy DF OF 
 1 Aleksander Barkov        Jonathan Huberdeau       Tobias Rieder            40     0   2  3  
 2 Michael Latta            Kerby Rychel             Jerry D'Amigo            30     0   2  3  
 3 Quinton Howden           Matt Puempel             Jake Virtanen            20     0   3  2  
 4 Mitchell Heard           Roberts Lipsbergs        Michael McCarron         10     1   2  2  

5 vs 5 Defense 
   Defense                  Defense                                           Time % Phy DF OF 
 1 Aaron Ekblad             Markus Nutivaara                                  40     0   2  3  
 2 Michal Jordan            William Colbert                                   30     0   2  3  
 3 John Draeger             Niklas Hansson                                    20     1   2  2  
 4 Aaron Ekblad             Markus Nutivaara                                  10     0   2  3  

PowerPlay Forward 
   Center                   Left Wing                Right Wing               Time % Phy DF OF 
 1 Aleksander Barkov        Jonathan Huberdeau       Tobias Rieder            60     0   1  4  
 2 Michael Latta            Kerby Rychel             Jerry D'Amigo            40     0   1  4  

PowerPlay Defense
   Defense                  Defense                                           Time % Phy DF OF 
 1 Aaron Ekblad             Markus Nutivaara                                  60     0   2  3  
 2 Michal Jordan            William Colbert                                   40     0   2  3  

Penalty Kill 4 Players Forward 
   Center                   Wing                     Time % Phy DF OF 
 1 Michael Latta            Jerry D'Amigo            60     1   3  1  
 2 Quinton Howden           Tobias Rieder            40     1   3  1  

Penalty Kill 4 Players Defense
   Defense                  Defense                  Time % Phy DF OF 
 1 John Draeger             Niklas Hansson           60     1   4  0  
 2 William Colbert          Aaron Ekblad             40     1   4  0  

Penalty Kill - 3 Players Forward 
   Forward                                           Time % Phy DF OF 
 1 Michael Latta                                     60     1   3  1  
 2 Mitchell Heard                                    40     1   3  1  

Penalty Kill - 3 Players Defense
   Defense                  Defense                  Time % Phy DF OF 
 1 John Draeger             Niklas Hansson           60     1   4  0  
 2 William Colbert          Aaron Ekblad             40     1   4  0  

4 vs 4 Forward 
   Center                   Wing                     Time % Phy DF OF 
 1 Aleksander Barkov        Jonathan Huberdeau       60     0   2  3  
 2 Michael Latta            Tobias Rieder            40     0   2  3  

4 vs 4 Defense
   Defense                  Defense                  Time % Phy DF OF 
 1 Aaron Ekblad             Markus Nutivaara         60     0   2  3  
 2 William Colbert          Michal Jordan            40     0   2  3  

Last Minutes Offensive
   Center                   Left Wing                Right Wing               Defense                  Defense                  
   Aleksander Barkov        Jonathan Huberdeau       Tobias Rieder            Aaron Ekblad             Markus Nutivaara         

Last Minutes Defensive
   Center                   Left Wing                Right Wing               Defense                  Defense                  
   Michael Latta            Kerby Rychel             Tobias Rieder            John Draeger             Niklas Hansson           

Goaltenders
Starting : Igor Bobkov              
Backup : Garret Sparks            

Extra Forwards
Normal : Jake Virtanen, Jonathan Huberdeau, Aleksander Barkov - PP : Jake Virtanen, Jonathan Huberdeau - PK : Michael Latta
Extra Defensemen
Normal : Niklas Hansson, Markus Nutivaara, Aaron Ekblad - PP : William Colbert - PK : Aaron Ekblad, Niklas Hansson
Penalty Shots
Aleksander Barkov, Tobias Rieder, Quinton Howden, Michael Latta, Jonathan Huberdeau

Scratches
Viktor Baldayev (Healthy), Juuso Ikonen (Healthy), Keaton Thompson (Healthy), Kyle Platzer (Healthy), Connor Honey (Healthy)
Lukas Vejdemo (Healthy), Dmytro Timashov (Healthy), Anton Zlobin (Healthy), Nelson Nogier (Healthy), Jake Walman (Healthy)
Marek Langhamer (Healthy)

Heat

5 vs 5 Forward 
   Center                   Left Wing                Right Wing               Time % Phy DF OF 
 1 Philip Varone            Tanner Pearson           Bryan Rust               40     1   2  2  
 2 Victor Rask              Matthew Nieto            Kevin Labanc             30     1   2  2  
 3 Ryan Spooner             Jake DeBrusk             Evgeny Svechnikov        20     1   2  2  
 4 Chris Brown              Peter Cehlarik           Barclay Goodrow          10     1   2  2  

5 vs 5 Defense 
   Defense                  Defense                                           Time % Phy DF OF 
 1 David Savard             Esa Lindell                                       40     1   2  2  
 2 Greg Pateryn             Mathieu Brodeur                                   30     1   2  2  
 3 Colby Cohen              Rasmus Andersson                                  20     1   2  2  
 4 Greg Pateryn             Mathieu Brodeur                                   10     1   2  2  

PowerPlay Forward 
   Center                   Left Wing                Right Wing               Time % Phy DF OF 
 1 Philip Varone            Tanner Pearson           Bryan Rust               60     1   2  2  
 2 Victor Rask              Matthew Nieto            Kevin Labanc             40     1   2  2  

PowerPlay Defense
   Defense                  Defense                                           Time % Phy DF OF 
 1 David Savard             Esa Lindell                                       60     1   2  2  
 2 Greg Pateryn             Mathieu Brodeur                                   40     1   2  2  

Penalty Kill 4 Players Forward 
   Center                   Wing                     Time % Phy DF OF 
 1 Philip Varone            Bryan Rust               60     1   2  2  
 2 Ryan Spooner             Tanner Pearson           40     1   2  2  

Penalty Kill 4 Players Defense
   Defense                  Defense                  Time % Phy DF OF 
 1 David Savard             Esa Lindell              60     1   2  2  
 2 Greg Pateryn             Mathieu Brodeur          40     1   2  2  

Penalty Kill - 3 Players Forward 
   Forward                                           Time % Phy DF OF 
 1 Bryan Rust                                        60     1   2  2  
 2 Philip Varone                                     40     1   2  2  

Penalty Kill - 3 Players Defense
   Defense                  Defense                  Time % Phy DF OF 
 1 David Savard             Esa Lindell              60     1   2  2  
 2 Greg Pateryn             Mathieu Brodeur          40     1   2  2  

4 vs 4 Forward 
   Center                   Wing                     Time % Phy DF OF 
 1 Philip Varone            Bryan Rust               60     1   2  2  
 2 Victor Rask              Tanner Pearson           40     1   2  2  

4 vs 4 Defense
   Defense                  Defense                  Time % Phy DF OF 
 1 David Savard             Esa Lindell              60     1   2  2  
 2 Greg Pateryn             Mathieu Brodeur          40     1   2  2  

Last Minutes Offensive
   Center                   Left Wing                Right Wing               Defense                  Defense                  
   Philip Varone            Tanner Pearson           Bryan Rust               David Savard             Esa Lindell              

Last Minutes Defensive
   Center                   Left Wing                Right Wing               Defense                  Defense                  
   Philip Varone            Tanner Pearson           Bryan Rust               David Savard             Esa Lindell              

Goaltenders
Starting : Michael Hutchinson       
Backup : Antti Raanta             

Extra Forwards
Normal : Tyler Shattock, Matthew Nieto, Jake DeBrusk - PP : Tyler Shattock, Matthew Nieto - PK : Jake DeBrusk
Extra Defensemen
Normal : Mathieu Brodeur, Colby Cohen, Rasmus Andersson - PP : Rasmus Andersson - PK : Mathieu Brodeur, Colby Cohen
Penalty Shots
Tanner Pearson, Bryan Rust, Philip Varone, Matthew Nieto, Jake DeBrusk

Scratches
Frank Corrado (Healthy), Christian Jaros (Healthy), Trevor Carrick (Healthy), Petteri Lindbohm (Healthy), Alexander True (Healthy)
Eric Karlsson (Healthy), John Gilmour (Healthy), Ryan Donato (Healthy), Vladislav Kamenev (Healthy), Dominik Masin (Healthy)
Brandon Hickey (Healthy), Nathan Lieuwen (Healthy), Vitek Vanecek (Healthy)

% Time on Ice - Checkers

Lines # - Real PCT - Wanted PCT - Time Play
Normal Forward
1 - 31% - 40% - 12:18
2 - 22% - 30% - 8:52
3 - 21% - 20% - 8:13
4 - 26% - 10% - 10:23
Normal Defense
1 - 44% - 40% - 17:18
2 - 31% - 30% - 12:29
3 - 24% - 20% - 9:24
4 - 1% - 10% - 0:35
PP Forward
1 - 59% - 60% - 9:11
2 - 41% - 40% - 6:22
PP Defense
1 - 59% - 60% - 9:12
2 - 41% - 40% - 6:21
PK Forward
1 - 80% - 60% - 3:44
2 - 20% - 40% - 0:57
PK Defense
1 - 68% - 60% - 3:10
2 - 32% - 40% - 1:31
PK3 Forward
1 - 0% - 60%
2 - 0% - 40%
PK3 Defense
1 - 0% - 60%
2 - 0% - 40%
44 Forward
1 - 0% - 60%
2 - 0% - 40%
44 Defense
1 - 0% - 60%
2 - 0% - 40%
Last Minute Offensive  - 0:00
Last Minute Defensive  - 0:00
Total
Forward - 60:00
Defense - 60:00

% Time on Ice - Heat

Lines # - Real PCT - Wanted PCT - Time Play
Normal Forward
1 - 32% - 40% - 12:19
2 - 27% - 30% - 10:25
3 - 23% - 20% - 8:50
4 - 18% - 10% - 6:59
Normal Defense
1 - 43% - 40% - 16:40
2 - 32% - 30% - 12:13
3 - 24% - 20% - 9:07
4 - 1% - 10% - 0:33
PP Forward
1 - 62% - 60% - 2:53
2 - 38% - 40% - 1:48
PP Defense
1 - 59% - 60% - 2:45
2 - 41% - 40% - 1:56
PK Forward
1 - 66% - 60% - 10:02
2 - 34% - 40% - 5:11
PK Defense
1 - 57% - 60% - 8:37
2 - 43% - 40% - 6:36
PK3 Forward
1 - 100% - 60% - 0:20
2 - 0% - 40% - 0:00
PK3 Defense
1 - 100% - 60% - 0:20
2 - 0% - 40% - 0:00
44 Forward
1 - 0% - 60%
2 - 0% - 40%
44 Defense
1 - 0% - 60%
2 - 0% - 40%
Last Minute Offensive  - 0:00
Last Minute Defensive  - 1:13
Total
Forward - 60:00
Defense - 60:00

Play-by-Play

1st period


0:01 of 1st period - Tanner Pearson wins face-off versus Aleksander Barkov in neutral zone.
0:12 of 1st period - Snap shot by Bryan Rust.
0:12 of 1st period - Shot Misses the Net.
0:33 of 1st period - Slapshot by Aaron Ekblad.
0:33 of 1st period - Stopped by Michael Hutchinson with a rebound.
0:49 of 1st period - Snap shot by Jake DeBrusk.
0:49 of 1st period - Shot Blocked by William Colbert.
2:29 of 1st period - Chris Brown is hit by Roberts Lipsbergs.
3:09 of 1st period - Aaron Ekblad is hit by Rasmus Andersson and loses puck.
4:31 of 1st period - Victor Rask is hit by Tobias Rieder and loses puck.
5:21 of 1st period - Snap shot by Tanner Pearson.
5:21 of 1st period - Deflect By Philip Varone.
5:21 of 1st period - Stopped by Igor Bobkov with a rebound.
5:23 of 1st period - Slapshot by Philip Varone.
5:23 of 1st period - Shot Blocked by William Colbert.
5:40 of 1st period - Peter Cehlarik is hit by Niklas Hansson and loses puck.
6:41 of 1st period - David Savard is hit by Mitchell Heard.
7:45 of 1st period - Quinton Howden is hit by Ryan Spooner and loses puck.
8:29 of 1st period - David Savard is hit by Kerby Rychel and loses puck.
8:41 of 1st period - Minor Penalty to Tobias Rieder for Elbowing.
8:42 of 1st period - Bryan Rust wins face-off versus Michael Latta in Checkers zone.
8:49 of 1st period - Slapshot by Bryan Rust.
8:49 of 1st period - Shot Blocked by Michael Latta.
8:59 of 1st period - Backhand shot by Philip Varone.
8:59 of 1st period - Stopped by Igor Bobkov without a rebound.
9:00 of 1st period - Michael Latta wins face-off versus Victor Rask in Checkers zone.
9:13 of 1st period - John Draeger is hit by Kevin Labanc and loses puck.
10:41 of 1st period - Penalty to Tobias Rieder is over, Tobias Rieder is back on ice.
10:49 of 1st period - John Draeger is hit by Matthew Nieto and loses puck.
11:44 of 1st period - Jake DeBrusk is hit by William Colbert and loses puck.
12:51 of 1st period - Icing by Markus Nutivaara.
12:52 of 1st period - Aleksander Barkov wins face-off versus Ryan Spooner in Checkers zone.
12:57 of 1st period - Slapshot by Michael Latta.
12:57 of 1st period - Stopped by Michael Hutchinson without a rebound.
12:58 of 1st period - Ryan Spooner wins face-off versus Michael Latta in Heat zone.
13:05 of 1st period - Snap shot by Ryan Spooner.
13:05 of 1st period - Shot Misses the Net.
13:16 of 1st period - Minor Penalty to Jake DeBrusk for Goalie Interference.
13:17 of 1st period - Philip Varone wins face-off versus Aleksander Barkov in Heat zone.
13:29 of 1st period - Slapshot by Jonathan Huberdeau.
13:29 of 1st period - Stopped by Michael Hutchinson with a rebound.
14:49 of 1st period - Aaron Ekblad is hit by Mathieu Brodeur.
14:53 of 1st period - Greg Pateryn is hit by Jonathan Huberdeau and loses puck.
15:16 of 1st period - Penalty to Jake DeBrusk is over, Jake DeBrusk is back on ice.
15:18 of 1st period - Wrist shot by Tanner Pearson.
15:18 of 1st period - Shot Misses the Net.
15:20 of 1st period - Slapshot by Ryan Spooner.
15:20 of 1st period - Goal by Ryan Spooner - Checkers : 0 - Heat : 1.
15:21 of 1st period - Philip Varone wins face-off versus Quinton Howden in neutral zone.
15:48 of 1st period - Minor Penalty to Greg Pateryn for High sticking.
15:49 of 1st period - Aleksander Barkov wins face-off versus Philip Varone in Heat zone.
15:54 of 1st period - Wrist shot by Tobias Rieder.
15:54 of 1st period - Shot Misses the Net.
15:56 of 1st period - Snap shot by Aaron Ekblad.
15:56 of 1st period - Shot Blocked by David Savard.
16:02 of 1st period - Slapshot by Jonathan Huberdeau.
16:02 of 1st period - Stopped by Michael Hutchinson with a rebound.
16:24 of 1st period - Snap shot by Jerry D'Amigo.
16:24 of 1st period - Shot Misses the Net.
16:48 of 1st period - Snap shot by Jonathan Huberdeau.
16:48 of 1st period - Stopped by Michael Hutchinson with a rebound.
17:48 of 1st period - Penalty to Greg Pateryn is over, Greg Pateryn is back on ice.
17:58 of 1st period - Jake Virtanen is hit by Victor Rask and loses puck.
18:05 of 1st period - Snap shot by Kevin Labanc.
18:05 of 1st period - Stopped by Igor Bobkov without a rebound.
18:06 of 1st period - Chris Brown wins face-off versus Mitchell Heard in Checkers zone.
18:07 of 1st period - Snap shot by Barclay Goodrow.
18:07 of 1st period - Shot Misses the Net.
18:09 of 1st period - Backhand shot by Barclay Goodrow.
18:09 of 1st period - Shot Misses the Net.
18:11 of 1st period - Slapshot by Colby Cohen.
18:11 of 1st period - Shot Misses the Net.
18:13 of 1st period - Slapshot by Greg Pateryn.
18:13 of 1st period - Stopped by Igor Bobkov without a rebound.
18:14 of 1st period - Chris Brown wins face-off versus Mitchell Heard in Checkers zone.
18:43 of 1st period - Snap shot by Mitchell Heard.
18:43 of 1st period - Shot Misses the Net.
18:53 of 1st period - Slapshot by Esa Lindell.
18:53 of 1st period - Shot Blocked by John Draeger.
18:55 of 1st period - Snap shot by Barclay Goodrow.
18:55 of 1st period - Shot Blocked by Niklas Hansson.
19:24 of 1st period - Slapshot by David Savard.
19:24 of 1st period - Deflect By Peter Cehlarik.
19:24 of 1st period - Stopped by Igor Bobkov with a rebound.
19:26 of 1st period - Wrist shot by Peter Cehlarik.
19:26 of 1st period - Stopped by Igor Bobkov with a rebound.
19:45 of 1st period - Off-side.
19:46 of 1st period - Philip Varone wins face-off versus Aleksander Barkov in neutral zone.
Goals for this period are 0 for Checkers vs 1 for Heat.
Shots for this period are 5 for Checkers vs 7 for Heat.

2nd period


0:01 of 2nd period - Philip Varone wins face-off versus Aleksander Barkov in neutral zone.
0:53 of 2nd period - Wrist shot by Aaron Ekblad.
0:53 of 2nd period - Stopped by Michael Hutchinson with a rebound.
0:55 of 2nd period - Snap shot by Aaron Ekblad.
0:55 of 2nd period - Shot Misses the Net.
0:57 of 2nd period - Snap shot by Quinton Howden.
0:57 of 2nd period - Shot Blocked by Esa Lindell.
1:29 of 2nd period - Wrist shot by Chris Brown.
1:29 of 2nd period - Stopped by Igor Bobkov without a rebound.
1:30 of 2nd period - Chris Brown wins face-off versus Aleksander Barkov in Checkers zone.
1:31 of 2nd period - Wrist shot by Peter Cehlarik.
1:31 of 2nd period - Stopped by Igor Bobkov without a rebound.
1:32 of 2nd period - Philip Varone wins face-off versus Aleksander Barkov in Checkers zone.
1:33 of 2nd period - Wrist shot by Tanner Pearson.
1:33 of 2nd period - Stopped by Igor Bobkov with a rebound.
1:35 of 2nd period - Slapshot by Greg Pateryn.
1:35 of 2nd period - Stopped by Igor Bobkov without a rebound.
1:36 of 2nd period - Philip Varone wins face-off versus Tobias Rieder in Checkers zone.
1:42 of 2nd period - Minor Penalty to Niklas Hansson for Tripping.
1:43 of 2nd period - Philip Varone wins face-off versus Michael Latta in Checkers zone.
1:59 of 2nd period - Slapshot by Tanner Pearson.
1:59 of 2nd period - Deflect By Bryan Rust.
1:59 of 2nd period - Shot Misses the Net.
1:59 of 2nd period - Puck is out of play.
2:00 of 2nd period - Michael Latta wins face-off versus Philip Varone in Checkers zone.
2:11 of 2nd period - Wrist shot by Esa Lindell.
2:11 of 2nd period - Deflect By Jerry D'Amigo.
2:11 of 2nd period - Goal by Esa Lindell - Checkers : 0 - Heat : 2.
2:12 of 2nd period - Aleksander Barkov wins face-off versus Tanner Pearson in neutral zone.
2:23 of 2nd period - Snap shot by Mathieu Brodeur.
2:23 of 2nd period - Goal by Mathieu Brodeur - Checkers : 0 - Heat : 3.
2:24 of 2nd period - Aleksander Barkov wins face-off versus Philip Varone in neutral zone.
2:26 of 2nd period - Double Minor Penalty to Philip Varone for High sticking.
2:27 of 2nd period - Jake DeBrusk wins face-off versus Aleksander Barkov in Heat zone.
2:52 of 2nd period - Markus Nutivaara is hit by Bryan Rust and loses puck.
4:24 of 2nd period - Jake Virtanen is hit by Esa Lindell.
5:29 of 2nd period - William Colbert is hit by Mathieu Brodeur and loses puck.
6:26 of 2nd period - Penalty to Philip Varone is over, Philip Varone is back on ice.
6:49 of 2nd period - Quinton Howden is hit by Colby Cohen and loses puck.
7:31 of 2nd period - Minor Penalty to Niklas Hansson for Hooking.
7:32 of 2nd period - Philip Varone wins face-off versus Michael Latta in Checkers zone.
7:37 of 2nd period - Slapshot by Philip Varone.
7:37 of 2nd period - Stopped by Igor Bobkov with a rebound.
9:31 of 2nd period - Penalty to Niklas Hansson is over, Niklas Hansson is back on ice.
10:08 of 2nd period - Niklas Hansson is hit by Chris Brown and loses puck.
10:41 of 2nd period - Snap shot by Aaron Ekblad.
10:41 of 2nd period - Stopped by Michael Hutchinson with a rebound.
10:43 of 2nd period - Snap shot by Michael Latta.
10:43 of 2nd period - Stopped by Michael Hutchinson without a rebound.
10:44 of 2nd period - Michael Latta wins face-off versus Chris Brown in Heat zone.
10:47 of 2nd period - Slapshot by Kerby Rychel.
10:47 of 2nd period - Stopped by Michael Hutchinson with a rebound.
11:11 of 2nd period - Snap shot by Jonathan Huberdeau.
11:11 of 2nd period - Stopped by Michael Hutchinson with a rebound.
11:13 of 2nd period - Wrist shot by Aleksander Barkov.
11:13 of 2nd period - Shot Blocked by Colby Cohen.
11:15 of 2nd period - Snap shot by Jonathan Huberdeau.
11:15 of 2nd period - Stopped by Michael Hutchinson without a rebound.
11:16 of 2nd period - Aleksander Barkov wins face-off versus Bryan Rust in Heat zone.
11:21 of 2nd period - Snap shot by Jonathan Huberdeau.
11:21 of 2nd period - Shot Misses the Net.
11:23 of 2nd period - Minor Penalty to Colby Cohen for Interference.
11:24 of 2nd period - Philip Varone wins face-off versus Aleksander Barkov in Heat zone.
12:48 of 2nd period - Markus Nutivaara is hit by Bryan Rust and loses puck.
13:22 of 2nd period - Esa Lindell is hit by Tobias Rieder and loses puck.
13:23 of 2nd period - Penalty to Colby Cohen is over, Colby Cohen is back on ice.
13:43 of 2nd period - Snap shot by Aleksander Barkov.
13:43 of 2nd period - Shot Blocked by Ryan Spooner.
13:51 of 2nd period - Ryan Spooner is hit by William Colbert and loses puck.
13:58 of 2nd period - Wrist shot by Tobias Rieder.
13:58 of 2nd period - Goal by Tobias Rieder - Checkers : 1 - Heat : 3.
13:59 of 2nd period - Victor Rask wins face-off versus Jerry D'Amigo in neutral zone.
14:02 of 2nd period - Jerry D'Amigo is hit by Kevin Labanc and loses puck.
14:22 of 2nd period - Minor Penalty to Kerby Rychel for Roughing.
14:23 of 2nd period - Philip Varone wins face-off versus Michael Latta in Checkers zone.
14:28 of 2nd period - Slapshot by Tanner Pearson.
14:28 of 2nd period - Stopped by Igor Bobkov with a rebound.
14:30 of 2nd period - Slapshot by David Savard.
14:30 of 2nd period - Stopped by Igor Bobkov without a rebound.
14:31 of 2nd period - Philip Varone wins face-off versus Michael Latta in Checkers zone.
14:32 of 2nd period - Snap shot by Tanner Pearson.
14:32 of 2nd period - Shot Misses the Net.
14:34 of 2nd period - Backhand shot by David Savard.
14:34 of 2nd period - Deflect By Tanner Pearson.
14:34 of 2nd period - Stopped by Igor Bobkov with a rebound.
14:36 of 2nd period - Slapshot by David Savard.
14:36 of 2nd period - Goal by David Savard - Checkers : 1 - Heat : 4.
14:36 of 2nd period - Garret Sparks enters game.
14:37 of 2nd period - Philip Varone wins face-off versus Michael Latta in neutral zone.
14:40 of 2nd period - Slapshot by Esa Lindell.
14:40 of 2nd period - Stopped by Garret Sparks without a rebound.
14:41 of 2nd period - Michael Latta wins face-off versus Philip Varone in Checkers zone.
14:41 of 2nd period - Michael Latta is hit by Bryan Rust.
14:47 of 2nd period - Philip Varone is hit by Markus Nutivaara and loses puck.
15:08 of 2nd period - Snap shot by Quinton Howden.
15:08 of 2nd period - Shot Blocked by David Savard.
15:11 of 2nd period - Icing by David Savard.
15:12 of 2nd period - Jake Virtanen wins face-off versus Victor Rask in Heat zone.
15:38 of 2nd period - Minor Penalty to Matthew Nieto for Hooking.
15:39 of 2nd period - Aleksander Barkov wins face-off versus Philip Varone in Heat zone.
15:42 of 2nd period - Snap shot by Tobias Rieder.
15:42 of 2nd period - Stopped by Michael Hutchinson without a rebound.
15:43 of 2nd period - Aleksander Barkov wins face-off versus Philip Varone in Heat zone.
16:12 of 2nd period - Slapshot by Markus Nutivaara.
16:12 of 2nd period - Stopped by Michael Hutchinson with a rebound.
16:14 of 2nd period - Slapshot by Aaron Ekblad.
16:14 of 2nd period - Stopped by Michael Hutchinson without a rebound.
16:15 of 2nd period - Ryan Spooner wins face-off versus Aleksander Barkov in Heat zone.
16:52 of 2nd period - Philip Varone is hit by Jerry D'Amigo and loses puck.
17:38 of 2nd period - Penalty to Matthew Nieto is over, Matthew Nieto is back on ice.
17:51 of 2nd period - Snap shot by Roberts Lipsbergs.
17:51 of 2nd period - Shot Misses the Net.
18:32 of 2nd period - Off-side.
18:33 of 2nd period - Quinton Howden wins face-off versus Victor Rask in neutral zone.
18:35 of 2nd period - Jake Virtanen is hit by Matthew Nieto.
18:59 of 2nd period - Jonathan Huberdeau is hit by Philip Varone and loses puck.
Goals for this period are 1 for Checkers vs 3 for Heat.
Shots for this period are 10 for Checkers vs 12 for Heat.

3rd period


0:01 of 3rd period - Philip Varone wins face-off versus Aleksander Barkov in neutral zone.
0:04 of 3rd period - Tanner Pearson is hit by Aleksander Barkov and loses puck.
0:25 of 3rd period - Philip Varone is hit by Jake Virtanen and loses puck.
0:30 of 3rd period - Wrist shot by Jake Virtanen.
0:30 of 3rd period - Deflect By Quinton Howden.
0:30 of 3rd period - Shot Hit the Post.
0:30 of 3rd period - Puck is out of play.
0:31 of 3rd period - Quinton Howden wins face-off versus Matthew Nieto in Heat zone.
0:32 of 3rd period - Snap shot by Jake Virtanen.
0:32 of 3rd period - Goal by Jake Virtanen - Checkers : 2 - Heat : 4.
0:33 of 3rd period - Bryan Rust wins face-off versus Aleksander Barkov in neutral zone.
1:04 of 3rd period - Aaron Ekblad is hit by Kevin Labanc and loses puck.
1:46 of 3rd period - Wrist shot by Aleksander Barkov.
1:46 of 3rd period - Shot Misses the Net.
1:48 of 3rd period - Slapshot by John Draeger.
1:48 of 3rd period - Stopped by Michael Hutchinson with a rebound.
1:50 of 3rd period - Backhand shot by Tobias Rieder.
1:50 of 3rd period - Shot Misses the Net.
2:07 of 3rd period - Matthew Nieto is hit by William Colbert and loses puck.
2:20 of 3rd period - Slapshot by Michael Latta.
2:20 of 3rd period - Stopped by Michael Hutchinson with a rebound.
2:22 of 3rd period - Wrist shot by Kerby Rychel.
2:22 of 3rd period - Shot Misses the Net.
2:24 of 3rd period - Wrist shot by Jerry D'Amigo.
2:24 of 3rd period - Goal by Jerry D'Amigo - Checkers : 3 - Heat : 4.
2:25 of 3rd period - Philip Varone wins face-off versus Aleksander Barkov in neutral zone.
2:31 of 3rd period - Backhand shot by Jonathan Huberdeau.
2:31 of 3rd period - Shot Blocked by Philip Varone.
2:33 of 3rd period - Snap shot by Tobias Rieder.
2:33 of 3rd period - Stopped by Michael Hutchinson with a rebound.
2:35 of 3rd period - Snap shot by Jonathan Huberdeau.
2:35 of 3rd period - Stopped by Michael Hutchinson without a rebound.
2:36 of 3rd period - Aleksander Barkov wins face-off versus Philip Varone in Heat zone.
2:44 of 3rd period - Off-side.
2:45 of 3rd period - Tobias Rieder wins face-off versus Philip Varone in neutral zone.
2:48 of 3rd period - Slapshot by Aaron Ekblad.
2:48 of 3rd period - Stopped by Michael Hutchinson without a rebound.
2:49 of 3rd period - Aleksander Barkov wins face-off versus Philip Varone in Heat zone.
3:04 of 3rd period - Slapshot by Esa Lindell.
3:04 of 3rd period - Stopped by Garret Sparks with a rebound.
3:06 of 3rd period - Wrist shot by Philip Varone.
3:06 of 3rd period - Stopped by Garret Sparks with a rebound.
3:16 of 3rd period - Markus Nutivaara is hit by Jake DeBrusk and loses puck.
3:45 of 3rd period - Wrist shot by Jonathan Huberdeau.
3:45 of 3rd period - Stopped by Michael Hutchinson without a rebound.
3:46 of 3rd period - Tanner Pearson wins face-off versus Michael Latta in Heat zone.
3:46 of 3rd period - Tanner Pearson is hit by Jerry D'Amigo.
3:49 of 3rd period - Philip Varone is hit by John Draeger.
3:53 of 3rd period - Snap shot by Bryan Rust.
3:53 of 3rd period - Stopped by Garret Sparks without a rebound.
3:54 of 3rd period - Philip Varone wins face-off versus Kerby Rychel in Checkers zone.
4:47 of 3rd period - Snap shot by Matt Puempel.
4:47 of 3rd period - Stopped by Michael Hutchinson without a rebound.
4:48 of 3rd period - Aleksander Barkov wins face-off versus Victor Rask in Heat zone.
4:53 of 3rd period - Snap shot by Jonathan Huberdeau.
4:53 of 3rd period - Stopped by Michael Hutchinson without a rebound.
4:54 of 3rd period - Victor Rask wins face-off versus Aleksander Barkov in Heat zone.
6:03 of 3rd period - Off-side.
6:04 of 3rd period - Aleksander Barkov wins face-off versus Chris Brown in neutral zone.
6:07 of 3rd period - Wrist shot by Tobias Rieder.
6:07 of 3rd period - Shot Blocked by Barclay Goodrow.
6:09 of 3rd period - Slapshot by Niklas Hansson.
6:09 of 3rd period - Shot Misses the Net.
6:11 of 3rd period - Slapshot by Niklas Hansson.
6:11 of 3rd period - Shot Misses the Net.
6:13 of 3rd period - Snap shot by Jonathan Huberdeau.
6:13 of 3rd period - Shot Misses the Net.
6:15 of 3rd period - Slapshot by John Draeger.
6:15 of 3rd period - Shot Blocked by Greg Pateryn.
6:17 of 3rd period - Slapshot by Niklas Hansson.
6:17 of 3rd period - Shot Misses the Net.
6:19 of 3rd period - Slapshot by Tobias Rieder.
6:19 of 3rd period - Stopped by Michael Hutchinson without a rebound.
6:20 of 3rd period - Michael Latta wins face-off versus Philip Varone in Heat zone.
6:21 of 3rd period - Slapshot by Kerby Rychel.
6:21 of 3rd period - Stopped by Michael Hutchinson without a rebound.
6:22 of 3rd period - Philip Varone wins face-off versus Michael Latta in Heat zone.
6:24 of 3rd period - Minor Penalty to Mathieu Brodeur for Holding.
6:25 of 3rd period - Philip Varone wins face-off versus Aleksander Barkov in Heat zone.
8:03 of 3rd period - Minor Penalty to Colby Cohen for Hooking.
8:04 of 3rd period - Jerry D'Amigo wins face-off versus Bryan Rust in Heat zone.
8:11 of 3rd period - Snap shot by Jerry D'Amigo.
8:11 of 3rd period - Stopped by Michael Hutchinson with a rebound.
8:13 of 3rd period - Slapshot by Jerry D'Amigo.
8:13 of 3rd period - Deflect By Kerby Rychel.
8:13 of 3rd period - Shot Misses the Net.
8:13 of 3rd period - Puck is out of play.
8:14 of 3rd period - Michael Latta wins face-off versus Bryan Rust in Heat zone.
8:24 of 3rd period - Penalty to Mathieu Brodeur is over, Mathieu Brodeur is back on ice.
9:01 of 3rd period - Wrist shot by Michael Latta.
9:01 of 3rd period - Shot Misses the Net.
9:03 of 3rd period - Wrist shot by Aaron Ekblad.
9:03 of 3rd period - Shot Blocked by Ryan Spooner.
9:05 of 3rd period - Snap shot by Michael Latta.
9:05 of 3rd period - Stopped by Michael Hutchinson without a rebound.
9:06 of 3rd period - Philip Varone wins face-off versus Aleksander Barkov in Heat zone.
9:17 of 3rd period - Slapshot by Michal Jordan.
9:17 of 3rd period - Shot Misses the Net.
9:19 of 3rd period - Slapshot by Michal Jordan.
9:19 of 3rd period - Stopped by Michael Hutchinson with a rebound.
9:21 of 3rd period - Snap shot by William Colbert.
9:21 of 3rd period - Shot Blocked by David Savard.
10:03 of 3rd period - Penalty to Colby Cohen is over, Colby Cohen is back on ice.
10:06 of 3rd period - Backhand shot by Esa Lindell.
10:06 of 3rd period - Shot Misses the Net.
11:00 of 3rd period - Slapshot by Peter Cehlarik.
11:00 of 3rd period - Shot Blocked by Tobias Rieder.
11:14 of 3rd period - John Draeger is hit by Ryan Spooner and loses puck.
12:56 of 3rd period - Slapshot by Esa Lindell.
12:56 of 3rd period - Shot Misses the Net.
12:58 of 3rd period - Slapshot by Ryan Spooner.
12:58 of 3rd period - Stopped by Garret Sparks without a rebound.
12:59 of 3rd period - Ryan Spooner wins face-off versus Jonathan Huberdeau in Checkers zone.
13:16 of 3rd period - Michal Jordan is hit by Ryan Spooner and loses puck.
13:51 of 3rd period - Wrist shot by Jonathan Huberdeau.
13:51 of 3rd period - Shot Blocked by Colby Cohen.
13:53 of 3rd period - Slapshot by William Colbert.
13:53 of 3rd period - Deflect By Tobias Rieder.
13:53 of 3rd period - Stopped by Michael Hutchinson without a rebound.
13:54 of 3rd period - Philip Varone wins face-off versus Michael Latta in Heat zone.
14:01 of 3rd period - Slapshot by Markus Nutivaara.
14:01 of 3rd period - Stopped by Michael Hutchinson without a rebound.
14:02 of 3rd period - Michael Latta wins face-off versus Philip Varone in Heat zone.
14:27 of 3rd period - Snap shot by Jerry D'Amigo.
14:27 of 3rd period - Stopped by Michael Hutchinson with a rebound.
14:29 of 3rd period - Snap shot by Aaron Ekblad.
14:29 of 3rd period - Shot Blocked by Philip Varone.
14:31 of 3rd period - Slapshot by Markus Nutivaara.
14:31 of 3rd period - Stopped by Michael Hutchinson without a rebound.
14:32 of 3rd period - Victor Rask wins face-off versus Aleksander Barkov in Heat zone.
14:32 of 3rd period - Kevin Labanc is hit by Aleksander Barkov.
14:57 of 3rd period - Victor Rask is hit by William Colbert and loses puck.
15:23 of 3rd period - Icing by Jake Virtanen.
15:24 of 3rd period - Quinton Howden wins face-off versus Ryan Spooner in Checkers zone.
15:26 of 3rd period - Icing by Matt Puempel.
15:27 of 3rd period - Ryan Spooner wins face-off versus Quinton Howden in Checkers zone.
15:42 of 3rd period - Slapshot by Markus Nutivaara.
15:42 of 3rd period - Stopped by Michael Hutchinson with a rebound.
15:44 of 3rd period - Wrist shot by Matt Puempel.
15:44 of 3rd period - Deflect By Quinton Howden.
15:44 of 3rd period - Shot Blocked by Jake DeBrusk.
15:44 of 3rd period - Puck is out of play.
15:45 of 3rd period - Tobias Rieder wins face-off versus Philip Varone in Heat zone.
16:21 of 3rd period - Slapshot by William Colbert.
16:21 of 3rd period - Stopped by Michael Hutchinson with a rebound.
16:35 of 3rd period - Snap shot by Philip Varone.
16:35 of 3rd period - Deflect By Jonathan Huberdeau.
16:35 of 3rd period - Stopped by Garret Sparks with a rebound.
16:37 of 3rd period - Slapshot by Philip Varone.
16:37 of 3rd period - Stopped by Garret Sparks with a rebound.
16:39 of 3rd period - Snap shot by Philip Varone.
16:39 of 3rd period - Shot Blocked by Jonathan Huberdeau.
16:41 of 3rd period - Slapshot by Greg Pateryn.
16:41 of 3rd period - Stopped by Garret Sparks with a rebound.
16:43 of 3rd period - Slapshot by Philip Varone.
16:43 of 3rd period - Shot Misses the Net.
16:45 of 3rd period - Slapshot by Mathieu Brodeur.
16:45 of 3rd period - Deflect By Bryan Rust.
16:45 of 3rd period - Stopped by Garret Sparks with a rebound.
16:47 of 3rd period - Slapshot by Greg Pateryn.
16:47 of 3rd period - Deflect By Tobias Rieder.
16:47 of 3rd period - Stopped by Garret Sparks without a rebound.
16:48 of 3rd period - Quinton Howden wins face-off versus Ryan Spooner in Checkers zone.
17:21 of 3rd period - Snap shot by Kevin Labanc.
17:21 of 3rd period - Stopped by Garret Sparks with a rebound.
17:23 of 3rd period - Wrist shot by Victor Rask.
17:23 of 3rd period - Stopped by Garret Sparks with a rebound.
17:25 of 3rd period - Snap shot by Matthew Nieto.
17:25 of 3rd period - Stopped by Garret Sparks with a rebound.
17:39 of 3rd period - Snap shot by Barclay Goodrow.
17:39 of 3rd period - Deflect By Chris Brown.
17:39 of 3rd period - Shot Blocked by Aaron Ekblad.
17:39 of 3rd period - Puck is out of play.
17:40 of 3rd period - Mitchell Heard wins face-off versus Ryan Spooner in Checkers zone.
17:40 of 3rd period - Mitchell Heard is hit by Colby Cohen.
18:06 of 3rd period - Mitchell Heard is hit by Victor Rask.
18:34 of 3rd period - Colby Cohen is hit by Michael McCarron and loses puck.
19:12 of 3rd period - Checkers, Garret Sparks is pulled from the net.
Goals for this period are 2 for Checkers vs 0 for Heat.
Shots for this period are 21 for Checkers vs 12 for Heat.